AoeStats
← DrCantinflas007

Enclosed

506728056Analyzed
1v1 RM · 19d ago on Sep 14, 2026· 17m 51s· 2 players
Game mode
Random Map
Map size
Tiny (2 player)
Population
200
Speed
Normal
Resources
Standard
Victory
Conquest
Starting age
Dark Age
Ending age
Imperial Age
RankedLock teamsTeams togetherTeam positionsShared explorationLock speedFull tech treeHidden civsTurbo modeCheats
Victory
Defeat
🇦🇷 Sicilians · Argentina
934
+16
🇦🇷 Mapuche · Argentina
934
-16
DrCantinflas007
8:13 Loom
10:13 Feudal Age
10:37 Champi Runner
11:20 Double-Bit Axe
11:42 Horse Collar
15:08 Forging
candepereztm
0:47 Loom
2:46 Loom
10:10 Feudal Age
10:46 Double-Bit Axe
17:02 Castle Age
Connection lost

Rejoining the realm…

Still unreachable

The connection could not be restored.

Session expired

The server has moved on; the page needs a fresh start.